[Event "EDAMI"]
[Site "Internet Chess Club"]
[Date "2020.03.28"]
[Round "7"]
[White "pgranadap"]
[Black "Marc12"]
[Result "1-0"]
[ICCResult "Black checkmated"]
[WhiteElo "1413"]
[BlackElo "1282"]
[Opening "Scotch game"]
[ECO "C45"]
[NIC "SO.05"]
[Time "14:54:13"]
[TimeControl "300+3"]

1. e4 e5 2. Nf3 Nc6 3. d4 exd4 4. Nxd4 Bc5 5. Be3 Qf6 6. c3 Nge7 7. Be2 O-O
8. O-O h6 9. Nxc6 Qxc6 10. Bxc5 Qxc5 11. Qd4 Qxd4 12. cxd4 d6 13. Nc3 Ng6
14. Bf3 c6 15. a4 Be6 16. b4 Bc4 17. Rfc1 Be6 18. b5 cxb5 19. axb5 Rfd8 20.
d5 Bd7 21. Rc2 Rdc8 22. Rac1 Rc5 23. Be2 Rac8 24. f3 Nf4 25. Bf1 Ng6 26. g3
Ne7 27. Kf2 R8c7 28. Ke3 Nc8 29. Bd3 Nb6 30. Ne2 Rxc2 31. Rxc2 Rxc2 32. Bxc2
Bxb5 33. Nd4 Nc4+ 34. Kf2 a6 35. Nxb5 axb5 36. Ke2 f6 37. Kd3 Kf7 38. f4 Ke7
39. Bb3 Na5 40. Kc3 b6 41. Bd1 g6 42. Kb4 Nc4 43. Kxb5 Ne3 44. Bf3 f5 45. e5
dxe5 46. fxe5 g5 47. Kc6 g4 48. d6+ Kd8 49. Bd5 b5 50. Be6 b4 51. d7 b3 52.
Bxb3 f4 53. gxf4 h5 54. e6 g3 55. hxg3 h4 56. gxh4 Ng4 57. e7+ Kxe7 58. Kc7
Ne5 59. d8=Q# {Black checkmated} 1-0

[Event "EDAMI"]
[Site "Internet Chess Club"]
[Date "2020.03.28"]
[Round "7"]
[White "didi08"]
[Black "Danielosky"]
[Result "0-1"]
[ICCResult "White resigns"]
[WhiteElo "1271"]
[BlackElo "1090"]
[Opening "Philidor's defense"]
[ECO "C41"]
[NIC "KP.10"]
[Time "14:58:44"]
[TimeControl "300+3"]

1. e4 e5 2. Nf3 d6 3. Nc3 Bg4 4. Bb5+ c6 5. Bd3 Nd7 6. O-O Ngf6 7. b3 d5 8.
exd5 cxd5 9. h3 e4 10. hxg4 exd3 11. cxd3 Nc5 12. Qe1+ Be7 13. Ba3 Nxd3 14.
Qe3 Nxg4 15. Qxd3 Bxa3 16. Qxd5 Bb2 17. Rab1 Bxc3 18. Qe5+ Nxe5 19. Nxe5
Bxe5 20. Rbe1 f6 21. d4 Qxd4 22. Re3 Kf7 {White resigns} 0-1

[Event "EDAMI"]
[Site "Internet Chess Club"]
[Date "2020.03.28"]
[Round "7"]
[White "CHANTAL10"]
[Black "Jultxan"]
[Result "0-1"]
[ICCResult "White checkmated"]
[WhiteElo "1171"]
[BlackElo "1146"]
[Opening "KP: Indian opening"]
[ECO "C20"]
[NIC "KP.10"]
[Time "14:54:18"]
[TimeControl "300+3"]

1. e4 e5 2. d3 Nf6 3. Nf3 Nc6 4. Nc3 Bb4 5. a3 Bxc3+ 6. bxc3 d6 7. Ng5 h6 8.
Nf3 Bg4 9. h3 Bxf3 10. gxf3 g5 11. h4 gxh4 12. Rxh4 Ng8 13. Bh3 Qxh4 14. Ke2
Qxh3 15. Rb1 b5 16. Rxb5 a6 17. Rb7 Rb8 18. Rxc7 Rb1 19. Rc8+ Nd8 20. Ra8
Nf6 21. Rxa6 Rg8 22. Rxd6 Rg6 23. c4 Qh2 24. Qd2 Qh1 25. Ke3 Qf1 26. a4 Qxc1
27. Ke2 Qxd2+ 28. Kxd2 Ra1 29. a5 Rxa5 30. Kc3 Nb7 31. Kb4 Nxd6 32. Kxa5 Rg2
33. c5 Nc8 34. c6 Rxf2 35. c7 Rxc2 36. Ka6 Rxc7 37. f4 exf4 38. d4 h5 39. e5
Ne4 40. d5 h4 41. e6 fxe6 42. dxe6 f3 43. Kb5 f2 44. Kb4 f1=Q 45. Ka4 Qb1
46. Ka5 Ra7# {White checkmated} 0-1

[Event "EDAMI"]
[Site "Internet Chess Club"]
[Date "2020.03.28"]
[Round "7"]
[White "paugallego"]
[Black "Arriazu96"]
[Result "1-0"]
[ICCResult "Black forfeits on time"]
[WhiteElo "1461"]
[BlackElo "1305"]
[Opening "QGD: Semi-Tarrasch"]
[ECO "D50"]
[NIC "QO.16"]
[Time "14:54:23"]
[TimeControl "300+3"]

1. d4 d5 2. c4 e6 3. Nc3 Nf6 4. Bg5 c5 5. cxd5 exd5 6. dxc5 Be7 7. Bxf6 Bxf6
8. Nxd5 Bxb2 9. Rb1 Ba3 10. Qb3 Bxc5 11. Qb5+ Nd7 12. e4 O-O 13. Nf3 a6 14.
Qb2 b5 15. Bd3 Re8 16. O-O Bb7 17. Rfe1 h6 18. Nf4 Qf6 19. Nh5 Qxb2 20. Rxb2
Ne5 21. Nxe5 Rxe5 22. Ng3 Rd8 23. Bb1 g6 24. Rc2 Bb6 25. Kf1 f5 26. exf5
Rxe1+ 27. Kxe1 Bxg2 28. fxg6 Kg7 29. h4 Kxg6 30. Rc6+ Kg7 31. Rxb6 Re8+ 32.
Kd2 Rf8 33. Ke3 Rf3+ 34. Ke2 Rf7 35. Rxa6 Re7+ 36. Kd3 Rd7+ 37. Ke3 Re7+ 38.
Ne4 Bxe4 39. Bxe4 Rb7 40. Bxb7 {Black forfeits on time} 1-0

[Event "EDAMI"]
[Site "Internet Chess Club"]
[Date "2020.03.28"]
[Round "7"]
[White "JotaAlvarez"]
[Black "Oierkaskarov"]
[Result "1-0"]
[ICCResult "Black resigns"]
[WhiteElo "1441"]
[BlackElo "1524"]
[Opening "Giuoco Piano: close variation"]
[ECO "C53"]
[NIC "IG.02"]
[Time "14:54:20"]
[TimeControl "300+3"]

1. e4 e5 2. Nf3 Nc6 3. Bc4 Bc5 4. c3 Qe7 5. d3 d6 6. Bb3 Be6 7. Bg5 Nf6 8.
Nbd2 O-O 9. Nf1 h6 10. Be3 Bb6 11. Bxb6 axb6 12. Ng3 Kh8 13. O-O Nd7 14. d4
Bg4 15. h3 Bxf3 16. Qxf3 exd4 17. Nf5 Nde5 18. Qg3 Qf6 19. cxd4 Ng6 20. d5
Nd4 21. Nxd4 Qxd4 22. Qc3 Qxc3 23. bxc3 Nf4 24. Rfe1 Rfe8 25. Rad1 Re7 26.
Kh2 Rae8 27. f3 Ng6 28. Ba4 Ra8 29. Bb3 Ree8 30. g3 Ne5 31. Kg2 Nd7 32. f4
Nc5 33. e5 Nxb3 34. axb3 Ra2+ 35. Kf3 Ra3 36. Rb1 Kg8 37. Re3 Kf8 38. exd6
Rxe3+ 39. Kxe3 cxd6 40. Kd4 Ke7 41. Kc4 Ra8 42. Kb5 Ra6 43. Re1+ Kd7 44. Re4
Ra3 45. Rb4 Ra6 46. Ra4 Rxa4 47. bxa4 Kc7 48. g4 g6 49. h4 f5 50. gxf5 gxf5
51. h5 Kd7 52. Kxb6 Kc8 53. c4 Kb8 54. a5 Kc8 55. c5 dxc5 56. Kxc5 Kc7 57.
d6+ Kd7 58. Kd5 Kd8 59. Ke6 Ke8 60. Kxf5 Kd7 61. Ke5 Ke8 62. Ke6 Kd8 63. d7
{Black resigns}
1-0

[Event "EDAMI"]
[Site "Internet Chess Club"]
[Date "2020.03.28"]
[Round "7"]
[White "JORDISOLEGRAUS"]
[Black "ArnauGuasch"]
[Result "1-0"]
[ICCResult "Black checkmated"]
[WhiteElo "1196"]
[BlackElo "1118"]
[Opening "King's pawn opening"]
[ECO "B07"]
[NIC "VO.17"]
[Time "14:54:17"]
[TimeControl "300+3"]

1. e4 d6 2. Bc4 d5 3. exd5 e6 4. dxe6 fxe6 5. Bb5+ c6 6. Qh5+ Ke7 7. Qg5+
Ke8 8. Qe5 Nf6 9. Bc4 Ng4 10. Qh5+ Ke7 11. Qxg4 Bd7 12. Qg5+ Ke8 13. Qf4 Qe7
14. Qc7 Qc5 15. Qxb7 Qxc4 16. Qxa8 Qb4 17. c3 Qb6 18. d4 Be7 19. Bf4 Bf6 20.
Bxb8 Ke7 21. Qxa7 Qxa7 22. Bxa7 Ra8 23. Bc5+ Kd8 24. Nf3 Ra7 25. Bxa7 Kc8
26. O-O Kb7 27. Bc5 Kc7 28. Nbd2 Kc8 29. Nc4 Be8 30. Nd6+ Kd7 31. Nb7 Kc7
32. Nd6 Kd7 33. Ne4 Kc7 34. Bd6+ Kd7 35. Bf4 Ke7 36. Nd6 Kd7 37. Nb7 Kc8 38.
Nd6+ Kd7 39. Ne4 Ke7 40. Bg5 h6 41. Bxf6+ gxf6 42. b4 Kf8 43. Nxf6 Kf7 44.
Ng4 Kf8 45. Nxh6 Ke7 46. Ng5 Kd8 47. Nxe6+ Ke7 48. Nc5 Kf6 49. Ng4+ Kf7 50.
Na6 Ke7 51. Nc7 Kd7 52. Na6 Kc8 53. Nf6 Kb7 54. Nc5+ Kc8 55. Nxe8 Kd8 56.
Rfe1 Kc8 57. Re7 Kd8 58. Re6 Kc8 59. Rxc6+ Kb8 60. Re1 Ka7 61. Re7+ Ka8 62.
Rc8# {Black checkmated} 1-0

[Event "EDAMI"]
[Site "Internet Chess Club"]
[Date "2020.03.28"]
[Round "7"]
[White "Alexelnub"]
[Black "leonardogila"]
[Result "0-1"]
[ICCResult "White checkmated"]
[WhiteElo "1064"]
[BlackElo "1247"]
[Opening "KP: Lopez opening"]
[ECO "C20"]
[NIC "KP.10"]
[Time "14:54:22"]
[TimeControl "300+3"]

1. e4 e5 2. c3 Bc5 3. d4 exd4 4. cxd4 Bb4+ 5. Nd2 Nf6 6. a3 Ba5 7. b4 Bb6 8.
e5 Ng4 9. f3 Ne3 10. Qe2 Nd5 11. Nc4 Bxd4 12. Qe4 Bxa1 13. Qxd5 Nc6 14. Nb2
O-O 15. Qd1 Bxb2 16. Bxb2 d6 17. exd6 cxd6 18. b5 Ne7 19. g3 Bf5 20. Bh3
Bxh3 21. Nxh3 Qa5+ 22. Qd2 Qxb5 23. Nf4 Rad8 24. Nd3 Nf5 25. Nb4 Qc5 26. Nd5
Rde8+ 27. Kf1 Qc4+ 28. Kg1 Qa2 29. Bc1 Qxd2 30. Bxd2 Nd4 31. Kg2 Re2+ 32.
Kf1 Rxd2 33. Nf4 Nxf3 34. Ne2 Rd1+ 35. Kf2 Rxh1 36. Kxf3 Rf1+ 37. Kg2 Re1
38. Kf3 Ra1 39. g4 Rxa3+ 40. Kf2 Ra2 41. g5 d5 42. h3 d4 43. Kf1 Re8 44.
Nxd4 Rd8 45. Nf3 Ra1+ 46. Ne1 Rdd1 47. Kf2 Rxe1 48. Kg3 Rg1+ 49. Kh4 Ra4+
50. Kh5 g6+ 51. Kh6 Rh4# {White checkmated} 0-1

[Event "EDAMI"]
[Site "Internet Chess Club"]
[Date "2020.03.28"]
[Round "7"]
[White "MiquelGil"]
[Black "BielPipo"]
[Result "1/2-1/2"]
[ICCResult "White stalemated"]
[WhiteElo "1036"]
[BlackElo "1068"]
[Opening "Réti opening"]
[ECO "A04"]
[NIC "QP.11"]
[Time "14:54:12"]
[TimeControl "300+3"]

1. Nf3 f6 2. Nc3 e5 3. e4 Nc6 4. d4 exd4 5. Nxd4 Nxd4 6. Qxd4 b6 7. e5 c5 8.
Qe4 Be7 9. Qxa8 Qc7 10. Qe4 fxe5 11. Bd3 Nf6 12. Qe3 e4 13. Bxe4 Nxe4 14.
Nxe4 Ba6 15. Bd2 h6 16. h4 Rf8 17. Qa3 Qb7 18. Rh3 Qxe4+ 19. Re3 Qxg2 20.
Qxa6 Qg1+ 21. Ke2 Qxa1 22. Qc8+ Kf7 23. Qc7 Qxa2 24. Bc3 Qa6+ 25. Rd3 Rc8
26. Qxd7 Rd8 27. Qc6 Rxd3 28. cxd3 h5 29. Qf3+ Ke8 30. Qxh5+ Kd7 31. Qg5
Bxg5 32. hxg5 Ke7 33. f4 Qc8 34. f5 Kf8 35. f6 gxf6 36. gxf6 Qe8+ 37. Kf3
Qa8+ 38. Kf4 Qb8+ 39. Kf5 Qc8+ 40. Kg6 b5 41. f7 Qg4+ 42. Kf6 Qf3+ 43. Ke6
Qxd3 44. Be1 Qe2+ 45. Kf6 Qxe1 46. Kg6 Qe2 47. Kf6 Qxb2+ 48. Ke6 c4 49. Kd6
c3 50. Ke6 c2 51. Kd7 c1=Q 52. Ke6 Qbd2 53. Kf5 Qce1 54. Kf6 Qdf2+ 55. Kg6
Qeg1+ 56. Kh6 Qxf7 {White stalemated} 1/2-1/2

[Event "EDAMI"]
[Site "Internet Chess Club"]
[Date "2020.03.28"]
[Round "7"]
[White "Dylan2008"]
[Black "FERNANDOA9"]
[Result "1-0"]
[ICCResult "Black forfeits on time"]
[WhiteElo "1359"]
[BlackElo "1194"]
[Opening "Two knights defense"]
[ECO "C57"]
[NIC "KP.01"]
[Time "14:54:15"]
[TimeControl "300+3"]

1. e4 e5 2. Nf3 Nc6 3. Bc4 Nf6 4. Ng5 Qe7 5. Nxf7 Rg8 6. Nd6+ cxd6 7. Bxg8
Nxg8 8. d3 Nf6 9. Bg5 h6 10. Be3 Ng4 11. Bd2 h5 12. h3 Nf6 13. g4 hxg4 14.
hxg4 Qe6 15. Qe2 Nxg4 16. Rh4 Nh6 17. Qh5+ Kd8 18. Bg5+ Ne7 19. Nc3 b6 20.
Nd5 Bb7 21. Bxe7+ Bxe7 22. Nxe7 Qxe7 23. O-O-O Ba6 24. f4 exf4 25. Rxf4 Rc8
26. Rdf1 Kc7 27. Qd5 Bb7 28. Qc4+ Kb8 29. Qb4 Bc6 30. Re1 Kb7 31. e5 Qf8 32.
Rxf8 Rxf8 33. exd6 Nf5 34. Rf1 g6 35. c3 a5 36. Qg4 Ka7 37. Qxg6 Nh4 38. Qg1
Nf3 39. Qg3 Kb7 40. b4 axb4 41. cxb4 Ka6 42. a4 Bd5 43. b5+ Ka5 44. Qf2 Kxa4
45. Qb2 {Black forfeits on time} 1-0

[Event "EDAMI"]
[Site "Internet Chess Club"]
[Date "2020.03.28"]
[Round "7"]
[White "liveisgood"]
[Black "MIQUELSOLEGRAUS"]
[Result "0-1"]
[ICCResult "White checkmated"]
[WhiteElo "1125"]
[BlackElo "1086"]
[Opening "Four knights: Italian variation"]
[ECO "C55"]
[NIC "IG.01"]
[Time "14:54:19"]
[TimeControl "300+3"]

1. e4 e5 2. Bc4 Nf6 3. Nf3 Nc6 4. Nc3 Nb4 5. d3 Bc5 6. Bg5 Ng4 7. O-O f6 8.
Bh4 f5 9. Bxd8 Kxd8 10. exf5 b6 11. Re1 Bxf2+ 12. Kf1 Bxe1 13. Qxe1 Nxc2 14.
Qh4+ Ke8 15. Rd1 Nce3+ 16. Ke1 Nxd1 17. Kxd1 Ne3+ 18. Ke1 Nxg2+ 19. Kf1 Nxh4
20. Nxh4 g6 21. Nd5 Kd8 22. Nf6 gxf5 23. Nxf5 h5 24. h4 Bb7 25. Kg1 Rg8+ 26.
Nxg8 Bf3 27. Nge7 Ke8 28. Ng8 d6 29. Nfh6 Kf8 30. Nf6 Kg7 31. Nxh5+ Kxh6 32.
Nf6 Kg6 33. Nd7 Rd8 34. Nxe5+ Kf5 35. Nxf3 Rg8+ 36. Bxg8 Kg4 37. Nh2+ Kxh4
38. Nf3+ Kg4 39. Nd4 c5 40. Ne6 Kf5 41. Nf8 Kf6 42. Nh7+ Kg7 43. Be6 Kxh7
44. Bf5+ Kg7 45. Bg4 Kg6 46. Bf3 a5 47. Be4+ Kf6 48. b4 axb4 49. Bg2 Ke5 50.
Bh3 Kd4 51. Bf5 d5 52. Bg4 Kxd3 53. Bh5 Kc3 54. Kf2 b5 55. Ke2 c4 56. Ke3
d4+ 57. Ke4 d3 58. Kd5 b3 59. axb3 cxb3 60. Ke5 b2 61. Ke4 b1=Q 62. Kd5 b4
63. Ke5 b3 64. Kf5 b2 65. Kg6 d2+ 66. Kg5 Qc2 67. Bg6 Qc1 68. Kh6 b1=Q 69.
Kg7 Qb7+ 70. Kh6 d1=Q# {White checkmated} 0-1